 Dungeon Crawl Stone Soup version 0.22.1-2-g9c5b331 (webtiles) character file.

17 MalarOregon the Chiller (level 2, -1/20 HPs)
             Began as a Merfolk Ice Elementalist on Nov 20, 2018.
             Slain by a hobgoblin (3 damage)
             ... on level 1 of the Dungeon.
             The game lasted 00:01:10 (252 turns).

MalarOregon the Chiller (Merfolk Ice Elementalist)   Turns: 252, Time: 00:01:10

Health: -1/20      AC:  2    Str:  8    XL:     2   Next: 62%
Magic:  0/5        EV: 13    Int: 14    God:
Gold:   15         SH:  0    Dex: 14    Spells: 4/5 levels left

rFire    . . .     SeeInvis .   (no weapon)
rCold    . . .     Gourm    .   (no shield)
rNeg     . . .     Faith    .   a - +0 robe
rPois    .         Spirit   .   (no helmet)
rElec    .         Reflect  .   (no cloak)
rCorr    .         Harm     .   (no gloves)
MR       .....                  (no boots)
Stlth    ++........             (no amulet)
HPRegen  0.06/turn              (no ring)
MPRegen  0.09/turn              (no ring)

@: no status effects
A: change form in water, swift swim, stealthy swim
a: no special abilities


You were on level 1 of the Dungeon.
You were not hungry.

You visited 1 branch of the dungeon, and saw 1 of its levels.

You collected 15 gold pieces.

Inventory:

Armour
 a - a +0 robe (worn)
Jewellery
 i - an uncursed ring of protection from magic {unknown}
   (You found it on level 1 of the Dungeon)
Scrolls
 b - 2 scrolls of teleportation {@r4}
 c - a scroll of enchant weapon {unknown}
 d - a scroll of amnesia {unknown}
 g - a scroll of remove curse {unknown}
Potions
 h - a potion of haste {unknown}
Comestibles
 e - a ration {!d}
 f - 7 chunks of flesh


   Skills:
 + Level 0.8 Fighting
 + Level 3.0 Dodging
 - Level 2.1 Stealth
 + Level 2.2 Spellcasting
   Level 0.7 Conjurations
 * Level 3.7 Ice Magic


You had 4 spell levels left.
You knew the following spells:

 Your Spells              Type           Power        Failure   Level  Hunger
a - Freeze                Ice            ##..         4%          1    #......

Your spell library contained the following spells:

 Spells                   Type           Power        Failure   Level  Hunger
 Throw Frost              Conj/Ice       #.....       14%         2    ###....
 Ozocubu's Armour         Chrm/Ice       #.......     32%         3    ###....
 Throw Icicle             Conj/Ice       #.......     67%         4    #####..
 Summon Ice Beast         Ice/Summ       #.......     73%         4    #####..


Dungeon Overview and Level Annotations

Branches:
Dungeon (1/15)

Altars:


Message History

A hobgoblin is nearby!
A hobgoblin is nearby!
A hobgoblin is nearby!
A hobgoblin comes into view.
A rat comes into view.
The hobgoblin hits you but does no damage.
Aim: a hobgoblin, wielding a club You freeze the hobgoblin.
The hobgoblin barely misses you.
Aim: a hobgoblin, wielding a club (lightly wounded)
You freeze the hobgoblin.
You kill the hobgoblin!
The hobgoblin shouts!
A giant cockroach comes into view.
You hit the rat.
You kill the rat!
You hit the giant cockroach but do no damage.
The giant cockroach bites you. The hobgoblin closely misses you.
Sorry, you're not good enough to have a special ability.
You don't know that spell.
Aim: a hobgoblin You freeze the hobgoblin.
The giant cockroach bites you but does no damage.
The hobgoblin hits you.
* * * LOW HITPOINT WARNING * * *
Aim: a hobgoblin (lightly wounded)
You freeze the hobgoblin. The giant cockroach barely misses you.
The hobgoblin hits you.
* * * LOW HITPOINT WARNING * * *
The giant cockroach bites you.
* * * LOW HITPOINT WARNING * * *
The giant cockroach bites you but does no damage.
The giant cockroach barely misses you.
You hit the giant cockroach. The giant cockroach barely misses you.
The giant cockroach bites you but does no damage.
A goblin comes into view. It is wielding a dagger.
The goblin moves out of view.
Aim: a giant cockroach (moderately wounded, clinging)
You freeze the giant cockroach. The giant cockroach bites you.
* * * LOW HITPOINT WARNING * * *
The giant cockroach bites you.
* * * LOW HITPOINT WARNING * * *
Aim: a giant cockroach (severely wounded, clinging)
You freeze the giant cockroach.
You kill the giant cockroach!
Unknown command.
A frilled lizard and a bat come into view.
The frilled lizard hisses angrily.
Aim: a hobgoblin (heavily wounded)
You freeze the hobgoblin. The hobgoblin hits you.
You die...

#. ... #.# .. #.# .. #.# .
#.# #.#.# #####
b.#.#.#.########...#
.........l.g@......#
.#.#.#.#######....######
##.#.#.#######....##...#####
.............†...............
###.#...#######.#####...#####
#.### ### #..# #...# #. ##
##...##g####...####.
..........g........)
##...##..##########.


You could see a hobgoblin and a frilled lizard.

Vanquished Creatures
  An ooze (D:1)
  A dart slug (D:1)
  3 giant cockroaches (D:1)
  2 hobgoblins (D:1)
  A frilled lizard (D:1)
  3 rats (D:1)
11 creatures vanquished.

Notes
Turn   | Place    | Note
-------+----------+-------------------------------------------
     0 | D:1      | MalarOregon the Merfolk Ice Elementalist began the quest
                  | for the Orb.
     0 | D:1      | Reached XP level 1. HP: 13/13 MP: 3/3
   160 | D:1      | Reached XP level 2. HP: 19/20 MP: 1/5
   236 | D:1      | HP: 1/20 [giant cockroach (1)]
   252 | D:1      | Slain by a hobgoblin

Skill      XL: |  1  2 |
---------------+-------+-----
Dodging        | 3 |  3.0
Fighting       | |  0.8
Stealth        | |  2.1
Spellcasting   | |  2.2
Conjurations   | |  0.7
Ice Magic      | |  3.7

Action                   || total
-------------------------++-------
Melee: Unarmed           ||    22
 Cast: Freeze            ||    17
  Use: Scroll            ||     1
Armor: Robe              ||     7
Dodge: Dodged            ||    25
